Map: Ever Dream LE

Players

Serral - Winner!

  • Race: Zerg Zerg
  • League: Grandmaster
  • Spawn Location: 1:00

uwuThermal (uThermal)

  • Race: Terran Terran
  • League: Master
  • Spawn Location: 7:00

VOD

Have the link to the VOD?

Description

Time

  • Played on: Sept. 24, 2020, 1:08 p.m.
  • Length: 16:40
Show
View Real Time Build Order
Export as new Build Order

Serral Zerg - Winner!

Build Orders: Hatch First 

Get SALT Encoding   

  12  0:00  Drone  
  13  0:12  Overlord  
  13  0:17  Drone  
  14  0:30  Drone x2  
  16  0:48  Hatchery  
  15  0:51  Drone  
  15  0:55  Drone  
  17  0:58  Drone  
  18  1:09  Extractor  
  17  1:13  Spawning Pool  
  17  1:16  Drone  
  17  1:19  Drone  
  18  1:27  Drone  
  19  1:38  Drone  
  20  1:49  Drone  
  21  1:59  Queen x2  
  21  2:01  Zergling x2  
  26  2:05  Zergling x2  
  27  2:17  Overlord  
  27  2:18  Drone  
  27  2:22  Hatchery  
  27  2:28  Drone  
  28  2:30  Metabolic Boost  
  28  2:37  Drone x2  
  28  2:38  Drone  
  31  2:46  Drone x2  
  33  2:53  Overlord  
  33  2:56  Queen  
  35  2:59  Drone  
  36  3:08  Pneumatized Carapace  
  36  3:11  Drone x4  
  40  3:15  Overlord  
  40  3:21  Zergling x2  
  40  3:22  Drone  
  42  3:29  Drone  
  42  3:33  Queen x2  
  47  3:38  Drone  
  47  3:39  Drone x2  
  50  3:42  Drone x2  
  52  3:48  Overlord  
  52  3:49  Drone x2  
  52  3:53  Zergling x2  
  55  3:56  Overlord  
  55  3:57  Zergling x2  
  55  3:58  Drone  
  57  4:08  Drone x4  
  61  4:10  Queen  
  61  4:13  Drone x2  
  65  4:19  Drone x4  
  69  4:24  Overlord  
  69  4:26  Drone  
  69  4:27  Overlord  
  70  4:32  Lair  
  70  4:37  Drone x2, Extractor x2  
  70  4:38  Extractor  
  70  4:39  Baneling Nest  
  70  4:42  Drone x6  
  74  4:50  Overlord  
  74  4:51  Drone x5  
  79  4:54  Extractor  
  79  4:56  Drone  
  79  5:04  Overlord  
  79  5:08  Zergling x4  
  81  5:16  Overlord  
  81  5:17  Evolution Chamber  
  81  5:18  Zergling x14, Evolution Chamber  
  86  5:22  Drone  
  86  5:24  Drone x2  
  86  5:27  Hatchery  
  86  5:28  Zergling x8  
  92  5:31  Centrifical Hooks  
  92  5:33  Overseer  
  92  5:38  Overlord  
  92  5:39  Zergling x4  
  94  5:44  Zerg Melee Weapons Level 1, Zerg Ground Armor Level 1  
  94  5:46  Zergling x8  
  94  5:49  Drone  
  99  5:54  Drone  
  99  5:55  Drone x5  
  105  6:01  Extractor  
  104  6:04  Hydralisk Den  
  104  6:05  Drone x2  
  104  6:07  Zergling x4  
  104  6:08  Baneling x7  
  104  6:09  Baneling x2  
  108  6:16  Overlord  
  108  6:19  Drone x3  
  108  6:21  Zergling x10, Unknown  
  114  6:26  Overlord  
  114  6:28  Drone  
  114  6:29  Drone x2  
  117  6:33  Zergling x4  
  117  6:35  Muscular Augments  
  117  6:36  Overseer  
  117  6:37  Overlord  
  117  6:39  Queen, Baneling x2  
  121  6:42  Hydralisk x3  
  127  6:47  Hydralisk x2  
  127  6:49  Drone  
  127  6:50  Drone x2  
  134  6:56  Hydralisk x3  
  136  7:06  Hydralisk x5  
  144  7:13  Hatchery  
  143  7:16  Drone x5  
  143  7:19  Infestation Pit  
  143  7:21  Hydralisk  
  149  7:27  Overlord, Overseer  
  149  7:32  Baneling x7  
  149  7:34  Overlord x3  
  149  7:39  Zerg Melee Weapons Level 2  
  149  7:40  Zerg Ground Armor Level 2  
  149  7:44  Zergling x6  
  149  7:46  Grooved Spines  
  149  7:47  Baneling  
  149  7:48  Baneling x6  
  152  7:54  Overseer  
  152  7:55  Zergling x22  
  152  7:56  Zergling x4  
  162  8:04  Hive  
  162  8:08  Zergling x18  
  162  8:09  Zergling x4  
  171  8:13  Zergling x4  
  171  8:15  Baneling x5  
  171  8:16  Baneling x8  
  173  8:21  Zergling x6  
  174  8:28  Hydralisk x2  
  174  8:29  Zergling x8  
  174  8:32  Zergling x2  
  174  8:33  Zergling x2  
  174  8:34  Overlord x4  
  181  8:41  Baneling x5  
  175  8:47  Zergling x20  
  165  8:57  Zergling x8  
  159  9:06  Zergling x8  
  159  9:07  Zergling x22  
  159  9:08  Queen  
  174  9:15  Zergling x10  
  172  9:21  Zergling x6  
  165  9:26  Baneling x12  
  165  9:27  Viper x2  
  165  9:30  Zergling x2  
  170  9:31  Overseer  
  170  9:37  Zergling x8  
  174  9:39  Baneling x9  
  174  9:40  Baneling x10  
  166  9:45  Zergling x2  
  166  9:46  Zergling x24  
  157  9:53  Zergling x8  
  157  9:58  Zerg Melee Weapons Level 3, Zerg Ground Armor Level 3  
  161  10:02  Drone x4  
  161  10:06  Drone  
  164  10:08  Zergling x10  
  169  10:15  Hatchery, Overseer  
  169  10:18  Zergling x22  
  179  10:23  Zergling x4  
  181  10:29  Adrenal Glands  
  181  10:30  Baneling x6  
  181  10:31  Ultralisk Cavern  
  181  10:35  Drone x4  
  148  10:52  Zergling x34  
  159  11:01  Baneling x2  
  159  11:02  Zergling x10, Overlord  
  164  11:05  Zergling x4  
  166  11:13  Baneling x22  
  166  11:14  Zergling x8  
  170  11:20  Chitinous Plating  
  170  11:22  Baneling  
  170  11:27  Zergling x14  
  172  11:33  Zergling x30  
  179  11:41  Zergling x2  
  179  11:42  Zergling x6  
  179  11:44  Baneling x7  
  179  11:46  Baneling x17  
  179  11:47  Baneling x2  
  183  11:48  Zergling x10  
  188  11:54  Zergling x4  
  188  11:58  Spore Crawler, Drone  
  190  12:03  Zergling x6, Ultralisk  
  190  12:06  Overseer  
  190  12:07  Overseer  
  199  12:08  Baneling  
  199  12:09  Baneling x5  
  199  12:13  Extractor  
  199  12:14  Extractor  
  198  12:15  Drone x3  
  191  12:34  Zergling x2  
  191  12:35  Zergling x42  
  184  12:39  Zergling x24  
  184  12:43  Anabolic Synthesis  
  174  12:52  Overlord  
  174  12:57  Zerg Missile Weapons Level 1  
  174  12:59  Hatchery, Ultralisk x2  
  174  13:04  Zergling x6  
  174  13:05  Zergling x12  
  193  13:10  Baneling x12  
  193  13:16  Drone x6  
  199  13:20  Baneling  
  198  13:33  Zergling x32  
  199  13:39  Baneling x12  
  194  13:42  Zergling x14  
  191  13:53  Zergling x26  
  197  14:01  Baneling x9  
  191  14:04  Zergling x16  
  199  14:10  Zergling x2  
  199  14:13  Overlord  
  195  14:24  Zergling x10  
  195  14:28  Zergling x6  
  195  14:29  Zergling x20  
  193  14:40  Spire x2  
  193  14:44  Zergling x20  
  199  14:46  Overseer  
  199  14:47  Spore Crawler  
  199  14:48  Overseer  
  199  14:49  Baneling x11  
  197  14:53  Overseer  
  197  14:57  Zergling x12  
  197  15:05  Baneling  
  197  15:06  Baneling x14  
  192  15:07  Zergling x2  
  192  15:08  Zergling x14  
  197  15:17  Zergling x26  
  197  15:22  Zergling x6  
  196  15:32  Zergling x26  
  191  15:40  Zergling x10  
  184  15:55  Baneling x18  
  184  15:56  Zergling x18, Baneling x6  
  193  16:04  Extractor  
  192  16:05  Zergling x14  
  192  16:06  Hatchery  
  198  16:16  Drone  
  198  16:17  Drone x4  
  199  16:20  Baneling x8  
Show
View Real Time Build Order
Export as new Build Order

uwuThermal Terran 

Build Orders: Command Center First (CC) 

Get SALT Encoding   

  12  0:00  SCV  
  13  0:12  SCV  
  14  0:16  Supply Depot  
  14  0:24  SCV  
  15  0:38  SCV  
  16  0:50  SCV  
  17  0:58  Command Center  
  17  1:02  SCV  
  18  1:06  Refinery  
  18  1:14  SCV  
  19  1:21  Barracks  
  19  1:26  SCV  
  20  1:36  Barracks  
  20  1:39  SCV  
  21  1:51  SCV  
  22  2:03  SCV  
  23  2:10  Orbital Command, Marine  
  23  2:15  Orbital Command  
  24  2:23  Barracks Tech Lab  
  24  2:28  Marine  
  25  2:36  SCV  
  26  2:41  Marine  
  26  2:42  SCV, Stimpack  
  28  2:45  Marine  
  28  2:48  SCV  
  30  2:54  SCV  
  30  2:58  Command Center  
  31  3:00  Marine  
  31  3:02  SCV  
  31  3:03  Marine  
  34  3:06  SCV  
  34  3:07  Supply Depot  
  35  3:13  Factory  
  35  3:15  SCV  
  35  3:18  SCV, Marine  
  38  3:29  SCV, Marine  
  38  3:30  SCV  
  41  3:36  Marine  
  41  3:39  Command Center  
  41  3:41  SCV  
  43  3:42  SCV  
  44  3:49  Marine  
  44  3:53  SCV  
  46  3:59  Factory Reactor, Starport  
  46  4:02  Refinery  
  46  4:04  Refinery  
  46  4:05  Refinery  
  46  4:09  SCV x2, Marine x2  
  50  4:12  Orbital Command  
  50  4:21  SCV x2  
  52  4:27  Marine  
  53  4:33  Marine  
  53  4:34  SCV x2  
  56  4:38  Engineering Bay  
  56  4:39  Engineering Bay  
  56  4:40  Orbital Command  
  56  4:45  Marine  
  57  4:46  SCV x2  
  57  4:50  Medivac, Combat Shield  
  57  4:51  Medivac, Orbital Command, Marine  
  64  4:54  Supply Depot  
  64  4:58  SCV x2  
  64  4:59  Factory Reactor  
  66  5:03  Barracks  
  66  5:09  SCV  
  66  5:10  SCV x2  
  66  5:13  Terran Infantry Weapons Level 1, Marine, Terran Infantry Armor Level 1  
  70  5:17  SCV, Supply Depot  
  71  5:21  SCV  
  71  5:24  Marine  
  71  5:27  SCV  
  71  5:28  Starport Reactor, Barracks x2  
  74  5:32  Barracks Reactor  
  74  5:33  SCV x2, Supply Depot  
  74  5:35  SCV  
  77  5:39  Supply Depot, Widow Mine  
  77  5:40  Widow Mine  
  81  5:43  Marine  
  81  5:48  SCV x2  
  84  5:51  Supply Depot x2  
  84  5:53  SCV  
  84  5:54  SCV  
  84  5:55  Missile Turret  
  86  5:59  Marine x2  
  86  6:01  Missile Turret, Marine  
  86  6:02  Widow Mine x2  
  93  6:04  SCV  
  93  6:07  Medivac x2  
  93  6:09  Orbital Command  
  93  6:11  SCV x2, Marine x2  
  100  6:16  Marine  
  100  6:17  SCV, Supply Depot  
  100  6:18  Supply Depot  
  104  6:19  Marine  
  104  6:20  Barracks Reactor x2  
  104  6:22  Marine  
  104  6:23  SCV x2  
  108  6:27  Widow Mine  
  108  6:28  Widow Mine, Factory  
  108  6:29  Marine  
  108  6:32  SCV  
  114  6:33  Supply Depot, Marine  
  114  6:34  Marine  
  114  6:35  SCV  
  114  6:36  Marine  
  118  6:40  SCV  
  118  6:41  SCV, Refinery  
  118  6:42  Marine  
  121  6:47  SCV, Supply Depot, Marine  
  121  6:48  SCV  
  121  6:49  Armory  
  121  6:50  Marine  
  121  6:52  SCV, Marine  
  121  6:53  Widow Mine  
  129  6:54  Marine  
  129  6:55  Widow Mine  
  132  7:01  Supply Depot, Marine x2  
  132  7:02  Marine  
  134  7:09  Marine  
  134  7:13  Barracks x3  
  134  7:14  SCV x2, Factory Tech Lab  
  134  7:15  SCV, Marine x2  
  136  7:17  Marine x2  
  136  7:18  Supply Depot  
  136  7:20  Widow Mine x2  
  144  7:23  Marine x2  
  144  7:25  Supply Depot  
  144  7:26  SCV, Supply Depot, Marine  
  144  7:27  Marine  
  149  7:30  SCV x2  
  149  7:32  Marine  
  149  7:33  Marine  
  149  7:34  Supply Depot  
  149  7:36  Marine  
  154  7:37  Terran Infantry Weapons Level 2  
  154  7:41  Terran Infantry Armor Level 2  
  154  7:42  Supply Depot, Marine  
  154  7:43  Drilling Claws, Marine  
  156  7:46  Widow Mine  
  156  7:47  Widow Mine  
  156  7:48  Marine  
  163  7:53  Medivac, Marine  
  163  7:54  Marine  
  163  7:55  Marine x3  
  163  7:57  Siege Tank  
  154  8:01  Medivac  
  154  8:03  Marine  
  154  8:05  Marine x2  
  155  8:06  Marine x2  
  155  8:10  Widow Mine x2  
  155  8:11  Command Center  
  161  8:13  Marine  
  161  8:14  Marine  
  161  8:15  Marine x2  
  161  8:19  Marine  
  166  8:23  Medivac  
  166  8:25  Sensor Tower  
  168  8:27  Unknown  
  168  8:29  Marine  
  168  8:32  Marine  
  168  8:33  Widow Mine, Siege Tank  
  169  8:34  Widow Mine  
  169  8:35  Medivac, Marine x2  
  169  8:36  Marine x6  
  169  8:39  Marine x2  
  161  8:49  Marine  
  161  8:50  Marine  
  161  8:53  Medivac, Marine  
  158  8:57  Marine  
  158  8:59  Marine x2  
  158  9:00  Marine x2  
  158  9:01  Marine x2  
  134  9:04  Marine x2, Widow Mine x2  
  134  9:05  Medivac  
  134  9:07  Marine  
  134  9:08  Marine, Siege Tank  
  146  9:11  Marine  
  146  9:15  Marine  
  146  9:17  Marine x2  
  137  9:18  Marine  
  137  9:19  Marine  
  137  9:23  Medivac, Marine  
  143  9:25  Widow Mine x2  
  143  9:26  Marine  
  143  9:28  Marine x2  
  143  9:29  Orbital Command  
  143  9:30  Marine  
  151  9:34  SCV  
  151  9:35  Medivac  
  151  9:37  Marine x2  
  156  9:38  Marine  
  156  9:40  Siege Tank  
  156  9:44  Marine  
  157  9:51  Marine  
  140  9:53  Marine  
  140  9:54  Medivac, Marine  
  140  9:55  Marine x4  
  140  9:57  Marine  
  149  10:00  Supply Depot, Marine  
  149  10:01  Supply Depot  
  149  10:06  Widow Mine x2, Marine  
  155  10:08  SCV x2  
  155  10:09  SCV  
  155  10:10  SCV  
  155  10:12  Siege Tank  
  155  10:13  Marine  
  161  10:15  Marine  
  161  10:16  Marine x2  
  164  10:21  Marine  
  164  10:23  Marine  
  166  10:28  Widow Mine x2  
  166  10:31  Supply Depot, Marine x2  
  166  10:33  Command Center, Barracks Tech Lab  
  166  10:34  Concussive Shells  
  168  10:37  Marine  
  168  10:38  Marauder  
  146  10:52  Marine x6  
  146  10:53  Marauder  
  146  10:56  Widow Mine x2, Siege Tank  
  148  10:57  Terran Infantry Weapons Level 3  
  148  10:59  Terran Infantry Armor Level 3  
  148  11:01  Marine x3  
  148  11:03  Marauder, Marine  
  154  11:07  SCV x2  
  154  11:10  Marine x2  
  158  11:14  Marauder  
  158  11:16  Marine x2  
  158  11:17  Marine, Sensor Tower  
  163  11:21  Medivac  
  163  11:24  Marauder  
  166  11:33  Medivac  
  166  11:36  Widow Mine, Siege Tank  
  166  11:37  Marine  
  171  11:42  Marine x2  
  171  11:43  Supply Depot x2, Marauder  
  171  11:46  Marine  
  171  11:47  Marauder  
  178  11:50  Command Center, Marine  
  178  11:52  Medivac  
  181  11:55  SCV  
  181  11:57  Marine x2  
  181  11:59  Marine  
  183  12:03  Medivac  
  183  12:04  Marauder  
  183  12:08  SCV, Marauder  
  190  12:10  Missile Turret  
  190  12:11  Marine  
  190  12:15  Marine x2  
  193  12:19  SCV, Marine  
  193  12:22  Medivac  
  197  12:26  Marauder  
  197  12:29  Marauder  
  199  12:33  Medivac  
  160  12:41  Marine  
  160  12:42  Marine x2  
  160  12:43  Marine x2  
  160  12:44  Marine x3  
  125  12:45  Widow Mine, Marine x2  
  125  12:47  Planetary Fortress, Marauder  
  125  12:51  SCV x2, Marauder  
  129  12:52  SCV x2, Medivac  
  129  12:56  Siege Tank  
  136  12:59  Marine x2  
  136  13:00  Marine  
  136  13:01  Marine x3  
  136  13:02  Marine  
  144  13:05  Widow Mine, Marine  
  144  13:06  Widow Mine  
  144  13:08  Marauder  
  144  13:09  Marine x2  
  144  13:12  Marauder  
  153  13:14  Unknown  
  153  13:15  SCV  
  153  13:17  Marine x3  
  157  13:20  Marine x2  
  157  13:21  Marine  
  157  13:23  Liberator x2  
  166  13:27  Widow Mine x2, Marine x2  
  166  13:28  Marine  
  166  13:30  Marauder  
  166  13:33  Marauder, Marine  
  166  13:34  Marine  
  166  13:40  Widow Mine  
  165  13:43  Missile Turret x2, Refinery x2  
  151  13:51  Marauder  
  151  13:54  Marine x2  
  151  13:55  Marauder  
  137  13:56  SCV x4  
  137  13:57  Marine x5  
  137  13:58  Marine x3  
  137  13:59  Planetary Fortress  
  137  14:00  Widow Mine  
  137  14:01  Widow Mine x2  
  155  14:08  SCV x3  
  155  14:09  Liberator  
  161  14:12  Marauder, Marine x2  
  161  14:13  Liberator  
  161  14:14  Marine  
  161  14:15  Marine  
  161  14:16  Marauder  
  172  14:18  Marine x2  
  172  14:21  Marine  
  175  14:27  Marine  
  175  14:28  SCV  
  175  14:30  Marine x2  
  164  14:32  Marine  
  164  14:34  Marauder  
  164  14:35  Marine, Widow Mine  
  164  14:38  Marauder  
  167  14:39  Marine x2, Widow Mine  
  167  14:44  Marine  
  166  14:46  Marine  
  166  14:51  Liberator  
  168  14:54  Marine  
  168  14:55  Marauder, Widow Mine  
  168  14:56  Medivac  
  168  14:59  Marauder  
  177  15:03  Marine  
  177  15:08  Marine x2  
  177  15:10  Marine  
  178  15:15  Marine  
  178  15:17  Marauder  
  178  15:20  Marauder, Widow Mine  
  170  15:25  Widow Mine  
  170  15:26  Medivac  
  158  15:34  Medivac  
  125  15:36  Marine x3  
  125  15:38  SCV x3, Marauder, Marine x2  
  125  15:39  Marine  
  125  15:41  Marine x2  
  125  15:42  Marauder  
  137  15:47  Orbital Command  
  137  15:48  Marine  
  137  15:49  Marine  
  132  15:50  SCV  
  132  15:56  SCV x2, Marine x2  
  137  15:57  Marine  
  137  15:58  Marine  
  137  15:59  Marauder, Widow Mine x2  
  137  16:03  Marauder  
  148  16:04  Marine, Widow Mine  
  148  16:07  SCV  
  148  16:08  Marine x2  
  148  16:10  Marine x2  
  152  16:13  Marine  
  152  16:17  Marine  
  152  16:18  Marine x2  
Tags
 
Add a new tag
Caveats
  • Supply blocks, unpowered buildings, or Contaminate may cause inaccurate times.
  • Supply counts are checked every 10 seconds.